 Dungeon Crawl Stone Soup version 0.22-a0-348-gd16d139 (webtiles) character file.

9 xccam the Covered (level 2, 0/19 HPs)
             Began as a Gnoll Wanderer on Apr 8, 2018.
             Slain by a gnoll
             ... wielding a +0 club
              (5 damage)
             ... on level 1 of the Dungeon.
             The game lasted 00:00:35 (227 turns).

xccam the Covered (Gnoll Wanderer)                   Turns: 227, Time: 00:00:36

Health: 0/19       AC:  6    Str: 14    XL:     2   Next: 12%
Magic:  2/2        EV: 10    Int: 14    God:
Gold:   41         SH:  0    Dex: 14    Spells: 1/1 levels left

rFire    . . .     SeeInvis .   d - +0 club
rCold    . . .     Gourm    .   (no shield)
rNeg     . . .     Faith    .   b - +0 ring mail
rPois    .         Spirit   .   (no helmet)
rElec    .         Reflect  .   (no cloak)
rCorr    .         Harm     .   (no gloves)
MR       .....                  (no boots)
Stlth    +.........             (no amulet)
HPRegen  0.06/turn              (no ring)
MPRegen  0.08/turn              (no ring)

@: no status effects
A: distributed training, fangs 1, strong nose
a: no special abilities


You were on level 1 of the Dungeon.
You were not hungry.

You visited 1 branch of the dungeon, and saw 1 of its levels.

You collected 41 gold pieces.

Inventory:

Hand Weapons
 d - a +0 club (weapon)
Armour
 b - a +0 ring mail (worn)
Scrolls
 a - a scroll of identify {unknown}
 e - a scroll of amnesia {unknown}
 g - a scroll of magic mapping {unknown}
 i - a scroll of remove curse {unknown}
Potions
 c - a potion of lignification
 h - a potion of curing {unknown}
Comestibles
 f - 3 rations


   Skills:
 + Level 0.2 Fighting
 + Level 0.2 Short Blades
 + Level 0.2 Long Blades
 + Level 0.2 Axes
 + Level 0.2 Maces & Flails
 + Level 0.2 Polearms
 + Level 0.2 Staves
 + Level 0.2 Slings
 + Level 0.2 Bows
 + Level 0.2 Crossbows
 + Level 2.4 Throwing
 + Level 6.4 Armour
 + Level 0.2 Dodging
 + Level 2.2 Stealth
 + Level 0.2 Shields
 + Level 0.2 Unarmed Combat
 + Level 0.2 Spellcasting
 + Level 0.1 Conjurations
 + Level 5.3 Hexes
 + Level 0.1 Charms
 + Level 0.1 Summonings
 + Level 0.1 Necromancy
 + Level 0.1 Translocations
 + Level 3.6 Transmutations
 + Level 0.1 Fire Magic
 + Level 0.1 Ice Magic
 + Level 0.1 Air Magic
 + Level 0.1 Earth Magic
 + Level 0.1 Poison Magic
 + Level 0.3 Invocations
 + Level 0.2 Evocations


You had one spell level left.
You didn't know any spells.

Dungeon Overview and Level Annotations

Branches:
Dungeon (1/15)

Altars:


Innate Abilities, Weirdness & Mutations

Your experience applies equally to all skills.
You have very sharp teeth.
Your uncanny sense of smell can sniff out nearby items.


Message History

The gnoll is heavily wounded.
The gnoll misses you. The gnoll hits you with a club.
You are too injured to fight recklessly!
You are too injured to fight recklessly!
You are too injured to fight recklessly!
You are too injured to fight recklessly!
You hit the gnoll.
The gnoll is severely wounded.
The gnoll hits you with a club.
* * * LOW HITPOINT WARNING * * *
You closely miss the gnoll.
The gnoll is severely wounded.
The gnoll misses you.
You hit the gnoll.
The gnoll is almost dead.
The gnoll hits you but does no damage.
You closely miss the gnoll.
The gnoll is almost dead.
The gnoll hits you with a club.
You die...

#####♣♣# #......♣♣
♣♣# #...@P.P♣ ♣.P♣
...$..g.♣P.♣♣♣.PP♣
####.....♣P...P..♣
#.....♣♣....P♣♣
#.....♣♣♣..♣♣♣
#.....♣♣P..♣######
#######♣..♣♣#....####
♣.♣♣..........
#....#.##.....


You could see a gnoll.

Vanquished Creatures
  2 dart slugs (D:1)
  2 bats (D:1)
  A goblin (D:1)
5 creatures vanquished.

Notes
Turn   | Place    | Note
-------+----------+-------------------------------------------
     0 | D:1      | xccam the Gnoll Wanderer began the quest for the Orb.
     0 | D:1      | xccam set off with: a +0 ring mail, a potion of lignification, a +0 club, a ration
     0 | D:1      | Reached XP level 1. HP: 13/13 MP: 1/1
   133 | D:1      | Reached XP level 2. HP: 19/19 MP: 2/2
   227 | D:1      | Slain by a gnoll

Vault maps used:
D:1:      eino_arrival_water_cross, serial_forest, infiniplex_forest_join,
          infiniplex_forest_clump_small, infiniplex_forest_clump_small,
          infiniplex_forest_lined_corner, infiniplex_forest_straight_4

Action                   || total
-------------------------++-------
Melee: Club              ||    35
       Bite              ||     5
 Stab: Sleeping          ||     1
Armor: Ring mail         ||    17
Dodge: Dodged            ||    19

Table legend:
 A = Spawn XP
 B = Non-spawn XP
 C = Spawn XP percentage of total XP
 D = Spawn monster count
 E = Non-spawn monster count
 F = Spawn count percentage of total count
 G = Total turns spent on level
                    A         B        C        D         E        F      G
               +---------+---------+-------+---------+---------+-------+---------
         Total |       0 |      13 |   0.0 |       0 |       5 |   0.0 |   227
               +---------+---------+-------+---------+---------+-------+---------
           D:1 |       0 |      13 |   0.0 |       0 |       5 |   0.0 |   227
               +---------+---------+-------+---------+---------+-------+---------
